 Dungeon Crawl Stone Soup version 0.26.1-11-gd32895ea62 (webtiles) character file.

Game seed: 14622765991597372232

39 maxwell1 the Grave Robber (level 3, -9/24 HPs)
             Began as a Mummy Necromancer on May 9, 2021.
             Mangled by Sigmund
             ... wielding a cursed -3 scythe
              (11 damage)
             ... on level 2 of the Dungeon.
             The game lasted 00:28:18 (1974 turns).

maxwell1 the Grave Robber (Mummy Necromancer)       Turns: 1974, Time: 00:28:19

Health: -9/24      AC:  6    Str: 11    XL:     3   Next: 26%
Magic:  4/8        EV: 11    Int: 15    God:
Gold:   101        SH:  0    Dex: 12    Spells: 4/9 levels left

rFire    x . .     SeeInvis .   q - +0 hand axe
rCold    + . .     Faith    .   (no shield)
rNeg     + + +     Spirit   .   n - +0 leather armour
rPois    ∞         Reflect  .   o - +2 helmet
rElec    .         Harm     .   (no cloak)
rCorr    .         Rampage  .   (no gloves)
Will     .....                  (no boots)
Stlth    +.........             (no amulet)
HPRegen  0.08/turn              (no ring)
MPRegen  0.11/turn              (no ring)

@: confused
A: no potions, fire vulnerability, cold resistance 1, negative energy resistance
3, torment resistance, unbreathing
a: no special abilities


You were on level 2 of the Dungeon.
You visited 1 branch of the dungeon, and saw 2 of its levels.

You collected 101 gold pieces.

Inventory:

Hand Weapons
 c - a +0 dagger
 d - a +0 short sword
 g - a +0 spear
 k - a +0 spear
 l - a +0 dagger
 q - a +0 hand axe (weapon)
Missiles
 h - 28 stones
 j - 4 curare-tipped darts
 p - 17 bolts
Armour
 a - a +0 robe
 b - a +0 pair of boots
 n - a +0 leather armour (worn)
 o - a +2 helmet (worn)
Scrolls
 e - 2 scrolls of identify
Potions
 f - a potion of ambrosia {unknown}
 i - 2 potions of magic
 m - a potion of curing


   Skills:
 + Level 0.2 Fighting
 + Level 1.6 Dodging
 + Level 1.6 Stealth
 + Level 3.5 Spellcasting
 + Level 4.7 Necromancy


You had 4 spell levels left.
You knew the following spells:

 Your Spells              Type           Power        Failure   Level
a - Pain                  Necr           64%          3%          1
b - Animate Skeleton      Necr           32%          3%          1
c - Vampiric Draining     Necr           8%           11%         3

Your spell library contained the following spells:

 Spells                   Type           Power        Failure   Level
 Animate Dead             Necr           8%           34%         4
 Agony                    Necr           16%          69%         5


Dungeon Overview and Level Annotations

Branches:
Dungeon (2/15)

Altars:

Annotations:
D:2 Sigmund


Innate Abilities, Weirdness & Mutations

You do not drink.
Your flesh is vulnerable to fire.
You are immune to poison.
Your flesh is cold resistant. (rC+)
You are immune to negative energy. (rN+++)
You are immune to unholy pain and torment.
You can survive without breathing.


Message History

A magic dart appears from out of thin air!
The magic dart hits you!
Press: ? - help, v - describe, . - travel A rock wall.
Casting: Vampiric Draining (quite dangerous; 11% risk of failure)
Confirm with . or Enter, or press ? or * to list all spells.
You can't see any susceptible monsters within range! (Use Z to cast anyway.)
You are confused.
A puff of flame appears from out of thin air!
The puff of flame hits you! The fire burns you terribly!
* * * LOW HITPOINT WARNING * * *
There is an open door here.
You bump into the rock wall.
A puff of flame appears from out of thin air!
The puff of flame hits you. The fire burns you terribly!
* * * LOW HITPOINT WARNING * * *
You are more confused.
There is an open door here.
Something hits you!
You die...

#....>...,,*
################........,,*
#...........#.##.......r,,*******
#.#########.#.##........,,,,,,,,,
#.#,,,,...#.#.##'######***,******
#.#.#####.#.#.#.).....# #.#,,,,,
#.#...<.....#.#.......# #.#,****
#.#####.#.###.#r......# #.#,* *
#.#.........#.#.@.....# #.#.# *
#.#.####..#.#.##'###### #.#.# *
#.#.###...#.#†##.# #.#.# *
#.#.........#.##.# #.#.#***
#.###...###.#'##'#### #<#.#*,,
#...'...'.........(.# ####.#.#*,*
#####...###.......>.###...@#.##,*
....'...+.'.........'.+.......#,,
#####.<.###.........###...Z####**


You could see a rat.

Vanquished Creatures
  2 worms (D:2)
  A dart slug (D:1)
  2 leopard geckos (D:1)
  A ball python (D:1)
  4 bats (D:1)
  6 giant cockroaches
  2 goblins
  A hobgoblin (D:2)
  A quokka (D:2)
  2 frilled lizards (D:2)
  A kobold (D:1)
  2 rats
25 creatures vanquished.

Vanquished Creatures (collateral kills)
  A bat (D:2)
1 creature vanquished.

Grand Total: 26 creatures vanquished

Notes
Turn   | Place    | Note
-------+----------+-------------------------------------------
     0 | D:1      | maxwell1 the Mummy Necromancer began the quest for the Orb.
     0 | D:1      | Reached XP level 1. HP: 13/13 MP: 4/4
   120 | D:1      | Learned a level 1 spell: Animate Skeleton
   194 | D:1      | Reached XP level 2. HP: 19/19 MP: 0/6
  1215 | D:2      | Noticed Sigmund
  1508 | D:2      | Reached XP level 3. HP: 6/24 MP: 7/7
  1941 | D:2      | Learned a level 3 spell: Vampiric Draining
  1974 | D:2      | Mangled by Sigmund

Illustrated notes

Levels and vault maps discovered:
D:1:      zelgadis_glass_arrival_small, layout_basic, minmay_misc_feat_five
D:2:      layout_basic, uniq_sigmund, uniq_crazy_yiuf_cottage

Skill      XL: |  1 |
---------------+----+-----
Spellcasting   | 3 |  3.5
Fighting       | |  0.2
Dodging        | |  1.6
Stealth        | |  1.6
Necromancy     | |  4.7

Action                   || total
-------------------------++-------
Melee: Hand axe          ||    21
 Cast: Pain              ||    60
       Animate Skeleton  ||     5
       Vampiric Draining ||     1
  Use: Scroll            ||     5
Armor: Robe              ||     4
       Leather armour    ||    14
Dodge: Dodged            ||    30
